[Event "*** SCC Grand Prix: Titled Tuesday Blitz"]
[Site "Chess.com"]
[Date "2020.08.11"]
[Round "4"]
[White "Kislov_Oleg"]
[Black "Vesper2018"]
[Result "1-0"]
[WhiteElo "2381"]
[BlackElo "2558"]
[TimeControl "180+1"]
[EndTime "10:39:53 PDT"]
[Termination "Kislov_Oleg won on time"]

1. e4 c5 2. Nf3 d6 3. c3 Nf6 4. Be2 Bd7 5. Qc2 Bc6 6. d3 e5 7. O-O Be7 8. Nbd2 O-O 9. d4 exd4 10. cxd4 b6 11. d5 Bb7 12. a4 Nbd7 13. Nc4 a6 14.
Bf4 Ne8 15. b3 f6 16. Bg3 b5 17. Na3 b4 18. Nc4 Ne5 19. Nh4 g6 20. f4 Nxc4 21. Bxc4 f5 22. Nf3 fxe4 23. Qxe4 Bc8 24. Rae1 Bf6 25. Ng5 Bf5 26. Qe2 Bxg5 27. fxg5 Qxg5 28. Bxa6 Nc7 29. Bc4 Qf6 30. Qd2 Rfd8 31. Qf4 Rd7 32. Bh4 Qc3 33. g4 Bc2 34. Bf6 Qh3 35. Re3 Qxf1+ 36. Qxf1 Rf7 37. g5 Bf5 38. Qe1 h6 39. Re7 hxg5 40. Rxf7 Kxf7 41. Qe7+ 1-0

[Event "*** SCC Grand Prix: Titled Tuesday Blitz"]
[Site "Chess.com"]
[Date "2020.08.11"]
[Round "4"]
[White "Korona_91"]
[Black "RusPakhom"]
[Result "1-0"]
[WhiteElo "2492"]
[BlackElo "2291"]
[TimeControl "180+1"]
[EndTime "10:39:53 PDT"]
[Termination "Korona_91 won by checkmate"]

1. e4 e5 2. Nf3 Nf6 3. Nxe5 d6 4. Nf3 Nxe4 5. Bd3 Nc5 6. Be2 Be7 7. O-O d5 8. b3 Bf6 9. d4 Ne4 10. Ba3 Be7 11.
Bb2 O-O 12. c4 c6 13. Nc3 Bf5 14. Ne5 Nd7 15. f4 f6 16. Nf3 Nxc3 17. Bxc3 Re8 18. Nh4 Be4 19. Bh5 g6 20. Be2 f5 21. Nf3 Bxf3 22. Bxf3 Nf6 23. c5 Bf8 24. b4 Bg7 25. a4 Ne4 26. Bb2 Qc7 27. Qc1 b6 28. g3 a5 29. b5 cxb5 30. axb5 bxc5 31. dxc5 Bxb2 32.
Qxb2 Qxc5+ 33. Kg2 Reb8 34. Rab1 a4 35. Rfc1 Qe3 36.
Rc7 Qd2+ 37. Qxd2 Nxd2 38. Bxd5+ Kh8 39. Rd1 Ra5 40. Rxd2 Raxb5 41. Bc4 Rb2 42. Rxb2 Rxb2+ 43. Kg1 Rc2 44. Rc8+ Kg7 45. Be6 Rb2 46. Rc7+ Kf6 47. Bd5 a3 48. Rf7# 1-0

[Event "*** SCC Grand Prix: Titled Tuesday Blitz"]
[Site "Chess.com"]
[Date "2020.08.11"]
[Round "4"]
[White "Rubinstein_Akiba"]
[Black "VladaSviridova"]
[Result "1-0"]
[WhiteElo "2444"]
[BlackElo "2243"]
[TimeControl "180+1"]
[EndTime "10:39:53 PDT"]
[Termination "Rubinstein_Akiba won by resignation"]

1. e4 e6 2. d4 d5 3. Bd3 dxe4 4. Bxe4 Nf6 5. Bf3 c5 6. Ne2 Be7 7. Be3 cxd4 8. Nxd4 O-O 9. O-O a6 10. Nc3 Qc7 11. Qe2 e5 12. Nb3 Be6 13. Rfd1 Nc6 14. Bg5 Bxb3 15. cxb3 Nd4 16. Qd3 Rad8 17. Bxf6 Bxf6 18.
Nd5 Nxf3+ 19. Qxf3 Qc6 20. Rac1 Qe6 21. Nxf6+ Qxf6 22. Qxb7 g6 23. Rd7 Rxd7 24. Qxd7 e4 25. Qd2 Rd8 26. Qe2 Rd4 27. g3 Qd6 28. Rc4 f5 29. Rxd4 Qxd4 30. Qc4+ Qxc4 31. bxc4 Kf7 32. Kf1 Ke6 33. Ke2 Kd6 34. b4 g5 35. a4 f4 36.
gxf4 gxf4 37. b5 axb5 38. cxb5 Kc5 39. Kd2 h5 40. Kc3 e3 41. fxe3 f3 42. Kd3 h4 43.
e4 f2 44. Ke2 1-0

[Event "*** SCC Grand Prix: Titled Tuesday Blitz"]
[Site "Chess.com"]
[Date "2020.08.11"]
[Round "4"]
[White "tigra"]
[Black "GMKrikor"]
[Result "1-0"]
[WhiteElo "2883"]
[BlackElo "2727"]
[TimeControl "180+1"]
[EndTime "10:39:54 PDT"]
[Termination "tigra won on time"]

1. e4 g6 2. d4 Bg7 3. Nc3 d6 4. Nf3 a6 5. a4 Nf6 6. Be2 O-O 7. O-O Nc6 8. d5 Nb8 9. Be3 e6 10. dxe6 Bxe6 11. Nd4 Bd7 12. f4 Nc6 13. Bf3 Nxd4 14. Bxd4 Bc6 15. Re1 Re8 16. a5 h5 17. h3 Nd7 18. Bxg7 Kxg7 19. Nd5 Bxd5 20. Qxd5 Rb8 21.
e5 Qh4 22. Qd4 Kg8 23. Kf1 Rxe5 24. Rxe5 Nxe5 25. Qa7 Nd7 26. Re1 Qxf4 27. Kg1 Qb4 28. Re7 Qc5+ 29. Qxc5 Nxc5 30. Rxc7 Ne6 31. Rxb7 Rc8 32.
c3 Rc5 33. b4 Rxc3 34. b5 axb5 35. a6 Ra3 36. a7 Kg7 37. Rd7 Ra1+ 38. Kf2 Nc5 39. Rc7 Ra2+ 40. Ke3 Ne6 41. Rd7 Nc5 42.
Rxf7+ Kxf7 43. Bd5+ 1-0

[Event "*** SCC Grand Prix: Titled Tuesday Blitz"]
[Site "Chess.com"]
[Date "2020.08.11"]
[Round "4"]
[White "eljanov"]
[Black "AldokhinIvan"]
[Result "0-1"]
[WhiteElo "2792"]
[BlackElo "2537"]
[TimeControl "180+1"]
[EndTime "10:39:54 PDT"]
[Termination "AldokhinIvan won on time"]

1. e4 c5 2. Nf3 e6 3. d4 cxd4 4. Nxd4 a6 5. c4 Qc7 6. Nc3 Nf6 7. a3 d6 8. Be2 Nbd7 9. O-O Be7 10. Be3 O-O 11.
Rc1 b6 12. f3 Bb7 13. b4 Rac8 14. Nb3 Rfe8 15. Kh1 Qb8 16. Qd2 Bd8 17. Rfd1 Bc7 18. Bg1 Kh8 19. Rc2 Rg8 20. Qg5 Bd8 21. Qg3 Bc7 22.
Qg5 Bd8 23. Qd2 Bc7 24. a4 g5 25. a5 bxa5 26. Nxa5 Ba8 27. Rb2 g4 28. c5 d5 29.
c6 Ne5 30. exd5 gxf3 31. gxf3 exd5 32. Nxd5 Rcd8 33. Nxf6 Rxd2 34. Rbxd2 Rg6 35. Nd7 Qxb4 36. Nxe5 Bxe5 37. Rd8+ Kg7 38. Rxa8 Qh4 39. f4 Qh3 0-1

[Event "*** SCC Grand Prix: Titled Tuesday Blitz"]
[Site "Chess.com"]
[Date "2020.08.11"]
[Round "4"]
[White "Carnivoras"]
[Black "Nafania1"]
[Result "1-0"]
[WhiteElo "2653"]
[BlackElo "2470"]
[TimeControl "180+1"]
[EndTime "10:39:55 PDT"]
[Termination "Carnivoras won by resignation"]

1. d4 Nf6 2. Nf3 e6 3. g3 d5 4. Bg2 Be7 5. O-O O-O 6. c4 dxc4 7. Qc2 a6 8. Qxc4 b5 9. Qc2 Bb7 10. Bd2 Be4 11. Qc1 Bb7 12. e3 Qc8 13. b4 a5 14.
bxa5 Nc6 15. Nc3 b4 16. Na4 Nxa5 17. Nc5 Bd5 18. Bxb4 Nc6 19. a3 Qb8 20. Rb1 Nxb4 21. axb4 Qb5 22. Ne5 Bxg2 23. Kxg2 Rfb8 24. Qc2 Ra3 25.
Rfc1 Bd6 26. Nf3 Rba8 27. h4 h6 28. Nd2 Nd5 29. Qc4 Qe8 30. Rb3 Rxb3 31. Ndxb3 Rb8 32. Na6 Rb6 33. Nbc5 Qc6 34. e4 Nf6 35. Qd3 e5 36. d5 Qa8 37. Qc4 Qa7 38. b5 Qa8 39.
Nd3 Nd7 40. Nxc7 Qa3 41. Na6 Nf6 42. Rc3 Qa1 43. Rc2 Qd4 44. Qxd4 exd4 45. e5 Nxd5 46. exd6 Rxd6 47. Rc6 Rd7 48. Nac5 Ra7 49. b6 Ra2 50. b7 Ne3+ 51. Kf3 1-0

[Event "*** SCC Grand Prix: Titled Tuesday Blitz"]
[Site "Chess.com"]
[Date "2020.08.11"]
[Round "4"]
[White "Alindsay211"]
[Black "creativity"]
[Result "0-1"]
[WhiteElo "2341"]
[BlackElo "2017"]
[TimeControl "180+1"]
[EndTime "10:39:55 PDT"]
[Termination "creativity won on time"]

1. d4 Nf6 2. c4 g6 3. Nf3 Bg7 4. g3 O-O 5. Bg2 d5 6. O-O dxc4 7. Na3 Nbd7 8. Nxc4 c5 9. b3 cxd4 10. Bb2 Nb6 11.
Nxb6 Qxb6 12. Qxd4 Qa6 13. Qd2 Bg4 14. Rfd1 Ne4 15. Qc2 Nd6 16. Bxg7 Kxg7 17. h3 Bf5 18. Qb2+ f6 19. Nd4 Be4 20. f3 Bd5 21. e4 Bf7 22. Bf1 Qb6 23. Kg2 e5 24. Ne2 Nc4 25. Qc1 Ne3+ 26.
Kh1 Rac8 27. Qb2 Nxd1 28. Rxd1 Qf2 29. Bg2 Rfd8 30. Rf1 Qe3 31. Ng1 Rd2 32. Qb1 Rcc2 33. Re1 Rxg2 34. Ne2 Rcxe2 35. Rxe2 Qxe2 36. Qg1 Rxg1+ 37. Kxg1 Qxf3 0-1

[Event "*** SCC Grand Prix: Titled Tuesday Blitz"]
[Site "Chess.com"]
[Date "2020.08.11"]
[Round "4"]
[White "MuhittinBuker"]
[Black "Karina_Ivanova"]
[Result "1-0"]
[WhiteElo "1992"]
[BlackElo "2217"]
[TimeControl "180+1"]
[EndTime "10:39:55 PDT"]
[Termination "MuhittinBuker won on time"]

1. c4 Nf6 2. Nf3 e6 3. Nc3 c5 4. g3 b6 5. Bg2 Bb7 6. O-O Bd6 7.
d4 cxd4 8. Nxd4 Bxg2 9. Kxg2 O-O 10. b3 a6 11. Bb2 Qc7 12. e4 Be7 13. Qe2 d6 14.
Rfd1 Nbd7 15. Rac1 Rac8 16. h3 Rfd8 17. Qe3 Qb7 18.
Kh2 Nc5 19. Re1 b5 20. cxb5 axb5 21. Ndxb5 Ncxe4 22. Nxe4 Nxe4 23. Rxc8 Rxc8 24. a4 d5 25. Re2 Rc6 26. h4 Bc5 27. Qf3 Qc8 28. Qg4 Qf8 29.
f3 Nf2 30. Qg5 Nd3 31. Ba1 h6 32. Qh5 Be7 33. Nd4 Rc1 34. Bb2 Nxb2 35. Rxb2 Bf6 36. Qg4 Qc5 37. Rd2 1-0

[Event "*** SCC Grand Prix: Titled Tuesday Blitz"]
[Site "Chess.com"]
[Date "2020.08.11"]
[Round "4"]
[White "Alexander_Donchenko"]
[Black "TranJMinh"]
[Result "0-1"]
[WhiteElo "2658"]
[BlackElo "2842"]
[TimeControl "180+1"]
[EndTime "10:39:56 PDT"]
[Termination "TranJMinh won on time"]

1. Nf3 Nf6 2. g3 d5 3. Bg2 c6 4. O-O Bf5 5. d3 e6 6. Nh4 Bg4 7. h3 Bh5 8. Qe1 Nbd7 9. e4 dxe4 10. dxe4 Bc5 11. Kh2 O-O 12. f4 Qc7 13. Nd2 Be7 14. c3 Nc5 15. g4 Bg6 16. Nxg6 hxg6 17. e5 Nd5 18. Qg3 Rad8 19. h4 f6 20. Nf3 Ne4 21. Qe1 Nc5 22. h5 g5 23. fxg5 fxe5 24. Kh1 e4 25.
Nd4 Rxf1+ 26. Bxf1 Qe5 27. b4 Nd3 28. Bxd3 Bd6 29.
Nf3 exf3 30. Qxe5 Bxe5 31. Be4 Bxc3 32. Rb1 f2 33. Kg2 Rf8 34. Kf1 Bd4 35. Rb3 Nc3 36.
Bd3 e5 37. Bc4+ Nd5 38. Bd2 a6 39. a4 b5 40. axb5 axb5 41. Bd3 Ra8 42. Rb1 Ra3 43.
Be4 Rg3 44. Ke2 Rxg4 0-1

[Event "*** SCC Grand Prix: Titled Tuesday Blitz"]
[Site "Chess.com"]
[Date "2020.08.11"]
[Round "4"]
[White "AniJak"]
[Black "Borsuk_Konstantin"]
[Result "1-0"]
[WhiteElo "2330"]
[BlackElo "2541"]
[TimeControl "180+1"]
[EndTime "10:39:56 PDT"]
[Termination "AniJak won by resignation"]

1. e4 e6 2. d4 d5 3. Nd2 Nf6 4. e5 Nfd7 5. Bd3 c5 6. c3 Nc6 7. Ne2 b6 8. O-O cxd4 9. cxd4 Nb4 10. Bb1 Ba6 11. Nf3 h6 12. a3 Nc6 13. Re1 Bxe2 14.
Qxe2 Na5 15. Ba2 a6 16. b4 Nc6 17. Bf4 Ne7 18. Rac1 b5 19. Rc2 Nb6 20. Rec1 Nc4 21. Rc3 Qb6 22. Be3 a5 23. bxa5 Qxa5 24. Nd2 Nc6 25. Nb3 Qxa3 26. Bb1 Bb4 27. Rd3 Ne7 28. Nc5 Qa7 29. Rb3 Bxc5 30. dxc5 Qa6 31. Bd3 Nc6 32. f4 g6 33. Bf2 h5 34. Rcb1 Rb8 35. h3 Kd7 36. Bxc4 bxc4 37. Rb6 Rxb6 38. cxb6 Rb8 39. Qd2 Rb7 40. Qb2 Qa8 41. Ra1 Qf8 42. Ra6 Qc8 43. Qa3 Qb8 44. Ra8 Rxb6 45. Rxb8 Rxb8 46. Qd6+ 1-0

[Event "*** SCC Grand Prix: Titled Tuesday Blitz"]
[Site "Chess.com"]
[Date "2020.08.11"]
[Round "4"]
[White "bratkoo"]
[Black "Nara_Kh"]
[Result "1-0"]
[WhiteElo "2553"]
[BlackElo "2312"]
[TimeControl "180+1"]
[EndTime "10:39:56 PDT"]
[Termination "bratkoo won by resignation"]

1. e4 c5 2. Nf3 d6 3. d4 Nf6 4. Nc3 cxd4 5. Nxd4 a6 6. h3 e5 7. Nde2 h5 8. Bg5 Be6 9. Ng3 Nbd7 10. Be2 g6 11. Qd2 Be7 12. Bf3 b5 13. a3 Qc7 14.
Nf1 Nb6 15. Ne3 Nc4 16. Nxc4 Bxc4 17. O-O-O O-O-O 18. Be2 Be6 19. Kb1 Kb8 20. f4 Nh7 21.
Bxe7 Qxe7 22. Qe3 exf4 23. Qxf4 Qg5 24. Qf2 Qc5 25. Qf4 Qe5 26. Qe3 Qc5 27. Qd2 Nf6 28. Rhf1 Qe5 29. Bf3 Rhe8 30. Qf2 Qc5 31. Qe1 Qe5 32.
Qh4 Nd7 33. Nd5 f6 34. Qf2 f5 35. exf5 Bxf5 36. Rfe1 Qg7 37. Nb4 Nc5 38. Nc6+ Kc7 39. Nxd8 Rxd8 40. Qh4 Rd7 41. Qb4 Na4 42. Qa5+ Kb8 43.
Qb4 Qxb2+ 44. Qxb2 Nxb2 45. Kxb2 1-0

[Event "*** SCC Grand Prix: Titled Tuesday Blitz"]
[Site "Chess.com"]
[Date "2020.08.11"]
[Round "4"]
[White "Ashedu66"]
[Black "mortngabriel"]
[Result "0-1"]
[WhiteElo "2269"]
[BlackElo "2457"]
[TimeControl "180+1"]
[EndTime "10:39:57 PDT"]
[Termination "mortngabriel won on time"]

1. d4 Nf6 2. c4 c5 3. e3 d5 4. Nf3 Nc6 5. Nc3 cxd4 6. exd4 Bg4 7. Be3 e6 8. Rc1 Be7 9. a3 O-O 10. c5 e5 11. dxe5 Nxe5 12. Be2 Nxf3+ 13. Bxf3 Bxf3 14. Qxf3 d4 15. Rd1 Bxc5 16. O-O Qd7 17. Bg5 Qg4 18. Bxf6 Qxf3 19. gxf3 gxf6 20. Ne4 Bb6 21. Nxf6+ Kg7 22. Nd5 Rfd8 23. Nf4 Rac8 24. Nd3 Rc2 25. Rfe1 Rd6 26.
Re4 Rg6+ 27. Rg4 f5 28. Rxg6+ hxg6 29. Kf1 Kf6 30. Ke1 Rc8 31. Rc1 Rh8 32. Ke2 Rxh2 33. Rc8 Rh1 34. Rb8 g5 35. Rxb7 g4 36. fxg4 fxg4 37. Rd7 Rh2 38. Kf1 Kf5 39. Re7 g3 40. fxg3 Rd2 41. Nf4 Rxb2 0-1

[Event "*** SCC Grand Prix: Titled Tuesday Blitz"]
[Site "Chess.com"]
[Date "2020.08.11"]
[Round "4"]
[White "gusmaster2262"]
[Black "Nikithebest"]
[Result "1-0"]
[WhiteElo "2229"]
[BlackElo "2409"]
[TimeControl "180+1"]
[EndTime "10:39:57 PDT"]
[Termination "gusmaster2262 won by resignation"]

1. c4 c5 2. Nc3 Nc6 3. Nf3 Nf6 4. e3 e6 5. d4 d5 6. a3 a6 7. dxc5 Bxc5 8. b4 Ba7 9. Bb2 O-O 10. Be2 dxc4 11. Bxc4 b5 12. Bd3 Bb7 13. O-O Qe7 14. Qe2 Rac8 15. Rfd1 Rfd8 16. Ne4 Nxe4 17. Bxe4 f6 18.
Ne1 Bb8 19. Rac1 Ne5 20. Bxb7 Qxb7 21. Rxc8 Rxc8 22. Bxe5 Bxe5 23. Nd3 Bd6 24. e4 Bf8 25. e5 f5 26. Nf4 Qc6 27. h4 Be7 28. g3 Rd8 29.
Re1 Rd4 30. Qe3 Rc4 31. Rd1 Kf7 32. Nh3 Rc2 33. Qa7 Ke8 34. h5 Rc1 35. Rxc1 Qxc1+ 36. Kh2 Qc6 37. Qb8+ Kf7 38. h6 gxh6 39. Qh8 Qf3 40. Qxh7+ Ke8 41. Qxh6 Kd7 42. Qd2+ Ke8 43. Qc1 Kf7 44. Qh6 Qxa3 45. Nf4 Qb3 46. Qg6+ Kf8 47. Nxe6+ 1-0

[Event "*** SCC Grand Prix: Titled Tuesday Blitz"]
[Site "Chess.com"]
[Date "2020.08.11"]
[Round "4"]
[White "Ariadna_Atreides"]
[Black "BabyFacedAssasin"]
[Result "1-0"]
[WhiteElo "2040"]
[BlackElo "2239"]
[TimeControl "180+1"]
[EndTime "10:39:57 PDT"]
[Termination "Ariadna_Atreides won by resignation"]

1. d4 f5 2. c3 Nf6 3. g3 g6 4. Bg2 Bg7 5. Qb3 e6 6. Bxb7 Bxb7 7. Qxb7 Nc6 8. Qb3 Rb8 9. Qc2 O-O 10. Nf3 Re8 11. Nbd2 e5 12. dxe5 Nxe5 13. Nxe5 Rxe5 14. Nf3 Re8 15. O-O Ne4 16. Be3 c5 17. Nd2 Qb6 18. Nxe4 Rxe4 19. b4 Rxe3 20. fxe3 cxb4 21. Qd3 bxc3 22.
Rab1 Qc7 23. Rxb8+ Qxb8 24. Qd5+ Kf8 25. Qxd7 Qb6 26.
Qd3 h5 27. Rd1 Kg8 28. Qd8+ Kh7 29. Qxb6 axb6 30. Rc1 b5 31. Kf2 Kg8 32. Ke1 Kf7 33. Kd1 Ke6 34. Kc2 Kd5 35. Rd1+ Ke4 36. h4 Kxe3 37. Rd6 Kxe2 38. Rxg6 Be5 39. Rg5 Ke3 40. Rxf5 Bxg3 41. Rxh5 b4 42. Rh7 Kf4 43. h5 Kg5 44. h6 Be5 45. Re7 Bf6 46. Rb7 Kxh6 47. Rxb4 Kg6 48. a4 Kf7 49. a5 Be7 50. Rb5 Bf6 51. a6 Bd4 52. Rb4 Bc5 53. Rb7+ Ke8 54. a7 Bxa7 55.
Rxa7 Kd8 56. Ra3 Kc8 57. Rxc3+ Kb8 58. Kd3 Ka8 59. Rc4 1-0

[Event "*** SCC Grand Prix: Titled Tuesday Blitz"]
[Site "Chess.com"]
[Date "2020.08.11"]
[Round "4"]
[White "reniite"]
[Black "czasnaszachy"]
[Result "1/2-1/2"]
[WhiteElo "1951"]
[BlackElo "2215"]
[TimeControl "180+1"]
[EndTime "10:39:58 PDT"]
[Termination "Game drawn by repetition"]

1. e4 c5 2. Nf3 e6 3. d4 cxd4 4.
Nxd4 Nc6 5. g3 Qc7 6. Bg2 a6 7. O-O Nf6 8. Nc3 Nxd4 9. Qxd4 Bc5 10. Bf4 d6 11. Qd2 h6 12. Na4 e5 13. Nxc5 dxc5 14. Be3 O-O 15. Rad1 Bg4 16. f3 Be6 17. b3 Rfd8 18. Qf2 b6 19. c4 Rd7 20. a4 a5 21.
h3 Rad8 22. Rxd7 Rxd7 23. f4 Rd3 24. Rb1 Qd6 25. Qe2 Qd8 26. fxe5 Nh7 27. Bf4 Nf8 28. Kh2 Ng6 29. Rb2 Qd7 30. Qh5 Qd4 31. Qe2 Qd7 32. Bf1 Nxf4 33. gxf4 Rd4 34. f5 Bxf5 35.
exf5 Qxf5 36. Rc2 Re4 37. Qg2 Qxe5+ 38. Kg1 Qe7 39. Rf2 Re6 40. Qf3 Rg6+ 41. Bg2 Rf6 42. Kh2 Rxf3 43. Rxf3 Qe5+ 44. Kg1 Qe1+ 45. Kh2 Qe5+ 46.
Kg1 Qb2 47. Kh2 Qc1 48. Kg3 Qb2 49. Kh2 Qe5+ 1/2-1/2

[Event "*** SCC Grand Prix: Titled Tuesday Blitz"]
[Site "Chess.com"]
[Date "2020.08.11"]
[Round "4"]
[White "Rodalquilar"]
[Black "Steven_Rojas"]
[Result "0-1"]
[WhiteElo "2610"]
[BlackElo "2464"]
[TimeControl "180+1"]
[EndTime "10:39:59 PDT"]
[Termination "Steven_Rojas won by checkmate"]

1. d4 d5 2. c4 e6 3. Nc3 Nf6 4. cxd5 Nxd5 5. e4 Nxc3 6. bxc3 c5 7. a3 cxd4 8. cxd4 Be7 9. Nf3 O-O 10. Bd3 b6 11. O-O Bb7 12. Bb2 Nd7 13. a4 Nf6 14. Re1 Rc8 15. Qb3 Ba8 16. Rad1 Rc7 17. Bb1 Nd7 18.
Qe3 Re8 19. d5 Bc5 20. Qf4 exd5 21. exd5 Rxe1+ 22. Rxe1 Nf8 23. Qg4 f6 24. Ba2 Kh8 25. Qe4 Re7 26. Qb1 Bxd5 27. Rd1 Rd7 28. Re1 Bxf3 29.
gxf3 Rd2 30. Rf1 Qd7 31. Bc3 Rd3 32. Qc2 Rxf3 33. Bb1 Qg4+ 34. Kh1 Qh3 35. Rg1 Rxc3 36. Qe4 Qf3+ 37. Qxf3 Rxf3 38. Rd1 g6 39. Be4 Rxf2 40. Rd7 Nxd7 41. Bb7 Ne5 42. Ba6 Ng4 43. Bf1 Rxh2# 0-1

[Event "*** SCC Grand Prix: Titled Tuesday Blitz"]
[Site "Chess.com"]
[Date "2020.08.11"]
[Round "4"]
[White "Djager97"]
[Black "awesomevishesh"]
[Result "1-0"]
[WhiteElo "2597"]
[BlackElo "2375"]
[TimeControl "180+1"]
[EndTime "10:39:59 PDT"]
[Termination "Djager97 won by resignation"]

1. e4 c5 2. Nf3 d6 3. d4 cxd4 4. Nxd4 Nf6 5. Nc3 a6 6. Bg5 e6 7. f4 h6 8. Bh4 Qb6 9. a3 Be7 10. Bf2 Qc7 11. Qf3 b5 12. O-O-O Bb7 13. g4 Nbd7 14. h4 Nc5 15. Bd3 d5 16. e5 Nfe4 17.
Be1 O-O-O 18. Qe3 Kb8 19. Bxe4 Nxe4 20. Nxe4 dxe4 21. Bb4 h5 22. g5 g6 23. Nb3 Rxd1+ 24. Rxd1 Bd5 25. Bxe7 Qxe7 26. Qb6+ Qb7 27. Qd6+ Ka7 28.
Nc5 Qc8 29. Qe7+ Kb6 30. Nd7+ Kc6 31. Qd6+ Kb7 32. Qb6+ Ka8 33. Nc5 Rd8 34. Nxa6 Rd7 35. Qxb5 Rb7 36. Qa5 Ra7 37. Rxd5 exd5 38. Qxd5+ Rb7 39.
Nc5 e3 40. Qxb7+ Qxb7 41. Nxb7 Kxb7 42. Kd1 Kc6 43. Ke2 Kd5 44. Kxe3 1-0

[Event "*** SCC Grand Prix: Titled Tuesday Blitz"]
[Site "Chess.com"]
[Date "2020.08.11"]
[Round "4"]
[White "ClydeHillKid"]
[Black "frederiksvane"]
[Result "1-0"]
[WhiteElo "2332"]
[BlackElo "2583"]
[TimeControl "180+1"]
[EndTime "10:40:00 PDT"]
[Termination "ClydeHillKid won by resignation"]

1. e4 c5 2. Nf3 g6 3. d4 cxd4 4. Nxd4 Bg7 5. Nc3 Nc6 6. Be3 Nf6 7. Bc4 O-O 8. Bb3 Re8 9. O-O d6 10. h3 Na5 11. f4 b6 12. e5 dxe5 13. fxe5 Nxb3 14.
exf6 exf6 15. Nxb3 Qxd1 16. Raxd1 Rxe3 17. Rd8+ Bf8 18.
Nd5 Re5 19. Nxf6+ Kg7 20. Ne8+ Kg8 21. Nd6 Bb7 22. Nxb7 Rxd8 23. Nxd8 f5 24. Nc6 Re2 25. Rf2 Re1+ 26. Rf1 Re2 27. Ncd4 Re4 28. c3 Kf7 29.
Kf2 Bh6 30. g3 Be3+ 31. Kf3 Bg5 32. Kg2 a6 33. Rf2 Ke7 34. Re2 Be3 35. Kf3 Bxd4 36.
Nxd4 Rxe2 37. Kxe2 Kd6 38. Ke3 Kd5 39. Kf4 b5 40.
Kg5 b4 41. Kh6 bxc3 42. bxc3 Kc4 43. Kxh7 Kxc3 44. Nc6 g5 45. Kg6 f4 46. gxf4 gxf4 47.
Ne5 Kd4 48. Kf5 Ke3 49. h4 a5 50. h5 a4 51. h6 f3 52. Nxf3 Kxf3 53. h7 Ke3 54. h8=Q 1-0

[Event "*** SCC Grand Prix: Titled Tuesday Blitz"]
[Site "Chess.com"]
[Date "2020.08.11"]
[Round "4"]
[White "AnonymousIM2023"]
[Black "Natalya_Buksa"]
[Result "1/2-1/2"]
[WhiteElo "2656"]
[BlackElo "2487"]
[TimeControl "180+1"]
[EndTime "10:40:01 PDT"]
[Termination "Game drawn by repetition"]

1. d4 d5 2. c4 e6 3. Nc3 Nf6 4. cxd5 exd5 5. Bg5 c6 6. e3 Nbd7 7. Bd3 Be7 8. Qc2 Nh5 9. Bxe7 Qxe7 10. Nge2 g6 11.
O-O-O Nb6 12. h3 Ng7 13. g4 Be6 14. Kb1 O-O-O 15. Rc1 Kb8 16. Na4 Nxa4 17. Qxa4 h5 18. f3 hxg4 19. hxg4 Bd7 20. e4 Rxh1 21. Rxh1 dxe4 22.
Bxe4 f5 23. gxf5 Bxf5 24. Qc2 Qg5 25. Rd1 Ne6 26. a3 Nc7 27. Nc3 Qe3 28. Bxf5 gxf5 29. Qxf5 a6 30. Qe4 Re8 31. Qd3 Qxd3+ 32. Rxd3 Nd5 33. Nxd5 cxd5 34. Kc2 Kc7 35. Rd2 Kd6 36. Kd3 Re1 37. Rh2 Rb1 38. Rh6+ Kd7 39. Rh7+ Kc6 40. Kc2 Rf1 41. Rf7 a5 42. a4 Rf2+ 43. Kc3 b6 44. Rf6+ Kc7 45. b3 Re2 46. f4 Re3+ 47. Kc2 Rf3 48.
f5 Rf4 49. Kd3 Rf3+ 50. Kc2 Rf4 51. Rf7+ Kd6 52. Rf6+ Kc7 1/2-1/2

[Event "*** SCC Grand Prix: Titled Tuesday Blitz"]
[Site "Chess.com"]
[Date "2020.08.11"]
[Round "4"]
[White "realmadridtv"]
[Black "Skatchkov_V"]
[Result "0-1"]
[WhiteElo "2454"]
[BlackElo "2637"]
[TimeControl "180+1"]
[EndTime "10:40:01 PDT"]
[Termination "Skatchkov_V won by resignation"]

1. e4 e5 2. Nf3 Nf6 3. Nc3 Nc6 4.
Be2 d5 5. exd5 Nxd5 6. O-O Nxc3 7. bxc3 e4 8. Nd4 Nxd4 9. cxd4 Qxd4 10. c3 Qd5 11. d4 exd3 12. c4 Qe5 13. Bf3 Be7 14.
Re1 Qd6 15. c5 Qxc5 16. Qa4+ Kf8 17. Rxe7 Qxe7 18. Ba3 c5 19. Qb5 Bd7 20. Qxd3 Rd8 21. Qc3 b6 22. Bb2 f6 23. Re1 Qd6 24. Rd1 Qe5 25.
Qd2 Qe7 26. Bg4 Bxg4 27. Qxd8+ Kf7 28. Qxh8 Bxd1 29. h4 Qe1+ 30. Kh2 Qxf2 31. Qd8 Qxh4+ 32. Kg1 Qe1+ 33. Kh2 Bg4 34. Qc7+ Kg6 35. Qf4 h5 36. Bc1 Qe5 37. Kg3 Kf7 38. Qxe5 fxe5 39. Kh4 b5 40. Kg5 Ke6 41. Be3 Kd5 42. g3 a5 43. a3 b4 44.
axb4 axb4 45. Kg6 b3 46. Bc1 e4 47. Kxg7 e3 0-1

[Event "*** SCC Grand Prix: Titled Tuesday Blitz"]
[Site "Chess.com"]
[Date "2020.08.11"]
[Round "4"]
[White "ZverevLev"]
[Black "m_ezat"]
[Result "0-1"]
[WhiteElo "2316"]
[BlackElo "2597"]
[TimeControl "180+1"]
[EndTime "10:40:01 PDT"]
[Termination "m_ezat won by resignation"]

1. e4 c6 2. d4 d5 3. e5 c5 4. dxc5 Nc6 5. f4 h5 6. Nf3 Bg4 7. Be2 e6 8. Be3 Nh6 9. c3 Nf5 10. Bf2 h4 11. h3 Bxf3 12. Bxf3 g5 13. b4 gxf4 14. Qa4 Qd7 15. Bg4 Ng3 16. Bxg3 fxg3 17.
O-O Nxe5 18. Qd1 a5 19. Be2 Bg7 20. Nd2 Ke7 21. Nb3 axb4 22. cxb4 Nc6 23. b5 Nb4 24. Qd2 Bxa1 25. Rxa1 Ra4 26. Qg5+ Kf8 27. Qe5 Rg8 28. Qb8+ Qe8 29. Qe5 Nc2 30. Rf1 Re4 31. Qd6+ Qe7 32. Bh5 f5 33. Qb8+ Kg7 34. Qa7 Ne3 35. Re1 Kh6 36. Bf3 Re5 37. c6 Qb4 38. Rxe3 Qe1+ 0-1

[Event "*** SCC Grand Prix: Titled Tuesday Blitz"]
[Site "Chess.com"]
[Date "2020.08.11"]
[Round "4"]
[White "emiliocordova"]
[Black "Paladin61"]
[Result "0-1"]
[WhiteElo "2825"]
[BlackElo "2640"]
[TimeControl "180+1"]
[EndTime "10:40:03 PDT"]
[Termination "Paladin61 won by resignation"]

1. d4 Nf6 2. Nf3 g6 3. g3 Bg7 4.
Bg2 O-O 5. O-O d6 6. c4 Nc6 7. Nc3 a6 8. h3 Bd7 9. Be3 Rb8 10. Rc1 b5 11. Nd2 e6 12. d5 Ne7 13. b3 Nf5 14. Bg5 h6 15. Bxf6 Bxf6 16. Nde4 Bg7 17. e3 bxc4 18.
bxc4 Rb2 19. Rc2 Qb8 20. Qc1 Rxc2 21. Qxc2 Qb4 22. Rb1 Qa5 23. Rb7 Bc8 24. Rb3 Ne7 25. h4 Bd7 26. Nd2 Qc5 27. Nce4 Qa7 28. dxe6 Bxe6 29.
Rb7 Qa8 30. Rxc7 Qd8 31. Ra7 Nc6 32. Nf6+ Bxf6 33. Bxc6 Qb6 34. Ne4 Bg7 35. Rd7 Qxc6 36. Rxd6 Qb7 37. c5 Rc8 38. c6 Qc7 39. Qd3 Bf5 40. Rd5 Qxc6 41. Rd8+ Rxd8 42. Qxd8+ Kh7 43. Nd6 Bh3 44. e4 Be6 45. Kg2 Be5 46. Ne8 Qxe4+ 47. Kh2 Bd5 0-1

[Event "*** SCC Grand Prix: Titled Tuesday Blitz"]
[Site "Chess.com"]
[Date "2020.08.11"]
[Round "4"]
[White "Mikhal867"]
[Black "Euge_chess"]
[Result "1-0"]
[WhiteElo "2370"]
[BlackElo "2076"]
[TimeControl "180+1"]
[EndTime "10:40:03 PDT"]
[Termination "Mikhal867 won by resignation"]

1. c4 Nf6 2. Nc3 e5 3. g3 d5 4.
cxd5 Nxd5 5. Bg2 Nxc3 6. bxc3 c6 7. Rb1 Bd6 8. d4 exd4 9. cxd4 O-O 10. Nf3 Qa5+ 11. Qd2 Qxd2+ 12. Bxd2 Nd7 13. e4 Re8 14. e5 f6 15. O-O fxe5 16. Rfe1 e4 17. Ng5 Nf6 18.
Nxe4 Nxe4 19. Bxe4 h6 20. d5 Bd7 21. dxc6 Bxc6 22.
Bxc6 bxc6 23. Rxe8+ Rxe8 24. Be3 Re7 25. Rc1 Rc7 26. Kg2 c5 27. Rc4 Kf7 28. Kf3 Ke6 29. Ke4 g5 30. f4 gxf4 31. gxf4 Be7 32. f5+ Kf6 33. Bxh6 Bd6 34. h4 Re7+ 35. Kd5 Bg3 36. Bg5+ Kf7 37. Bxe7 Kxe7 38. Kxc5 Kf6 39. Kb5 Kxf5 40. Ka6 Bf2 41. Kb7 Kg6 42. a4 Kh5 43. a5 Bxh4 44. Rxh4+ Kxh4 45. Kxa7 1-0